[Event "Early-Titled-Tuesday-Blitz-March-19-2024"]
[Site "Chess.com"]
[Date "2024.03.19"]
[Round "5"]
[White "BallottiLuca"]
[Black "MuhittinBuker"]
[Result "0-1"]
[WhiteElo "2382"]
[BlackElo "2139"]
[TimeControl "180+1"]
[EndTime "8:58:29 PDT"]
[Termination "MuhittinBuker won on time"]

1. e4 e5 2. Nf3 Nc6 3. Bc4 Nf6 4. d4 exd4 5. e5 d5 6. Bb5 Ne4 7. Nxd4 Bd7 8. Bxc6 bxc6 9. O-O Bc5 10. Be3 Bb6 11.
f3 Ng5 12. f4 Ne4 13. Nd2 Nxd2 14. Qxd2 c5 15. Ne2 d4 16. Bf2 Bc6 17. c4 Qd7 18. h3 O-O-O 19. Nc1 Qf5 20. Nd3 h5 21. Bh4 Rde8 22. a4 a6 23. a5 Ba7 24. Rae1 f6 25.
Kh2 Rhg8 26. Bg3 h4 27. Bxh4 Rh8 28. Bg3 Kb8 29. Nf2 Ka8 30. Qd3 Qd7 31. b3 Bb7 32. Ne4 Qc6 33. f5 fxe5 34. f6 gxf6 35. Rxf6 Re6 36.
Rxe6 Qxe6 37. Qf3 Rg8 38. Qf6 Qe8 39. Qxe5 Qxe5 40. Bxe5 Re8 41. Nf6 Rf8 42. h4 Bb8 43. Nd7 Rg8 44. g3 Bf3 45. Nxc5 c6 46. Bxb8 Kxb8 47. Nxa6+ Kc8 48. Nc5 Kc7 49. Nd3 Kd6 50. b4 Bg4 51. Kg2 Rf8 52. Nf4 Bf5 53. h5 d3 54. Rd1 Ke5 55. Nxd3+ Kd4 56. Nf4+ Kxc4 57.
Rd6 Kxb4 58. h6 Bh7 59. a6 Bc2 60. Rxc6 Be4+ 0-1

[Event "Early-Titled-Tuesday-Blitz-March-19-2024"]
[Site "Chess.com"]
[Date "2024.03.19"]
[Round "5"]
[White "Susal_De_Silva"]
[Black "Barmen_EV"]
[Result "1/2-1/2"]
[WhiteElo "2796"]
[BlackElo "2565"]
[TimeControl "180+1"]
[EndTime "8:58:30 PDT"]
[Termination "Game drawn - insufficient material"]

1. Nf3 f5 2. b3 Nf6 3. Bb2 g6 4. g3 Bg7 5. Bg2 O-O 6. O-O d6 7. d4 Qe8 8. c4 Nbd7 9. Nc3 c6 10. d5 c5 11. Nd2 Ne5 12. Qc2 a6 13. e4 fxe4 14.
Ncxe4 Nxe4 15. Nxe4 Nf3+ 16. Bxf3 Rxf3 17. Bxg7 Kxg7 18. Rae1 Bh3 19. Ng5 Bxf1 20. Nxf3 Bh3 21. Ng5 Bf5 22. Qc3+ Kg8 23. Qe3 b5 24. Qxe7 Qxe7 25.
Rxe7 bxc4 26. bxc4 Rb8 27. Nxh7 Rb2 28. Ra7 Bh3 29.
f4 Rg2+ 30. Kf1 Rxa2+ 31. Ke1 a5 32. g4 a4 33. f5 gxf5 34. g5 Rg2 35. Nf6+ Kf8 36.
Rxa4 f4 37. Ra3 Bg4 38. Nxg4 Rxg4 39. Rf3 Kf7 40. Kf2 Kg6 41. Rb3 Kxg5 42. Rb6 Rh4 43. Kg2 f3+ 44. Kxf3 Rxc4 45. Rxd6 Kf5 46. Rd8 Ke5 47.
d6 Rc3+ 48. Kg4 Rd3 49. h4 Rxd6 50. Rc8 Kd4 51. h5 c4 52. Kg5 c3 53. h6 Rd5+ 54.
Kg6 Rd6+ 55. Kg7 Rd7+ 56. Kg8 Kd3 57. h7 Rxh7 58. Kxh7 c2 59. Rd8+ Ke2 60. Rc8 Kd2 61. Rxc2+ Kxc2 1/2-1/2

[Event "Early-Titled-Tuesday-Blitz-March-19-2024"]
[Site "Chess.com"]
[Date "2024.03.19"]
[Round "5"]
[White "FMVolodymyrSakun"]
[Black "moro182"]
[Result "0-1"]
[WhiteElo "2622"]
[BlackElo "2839"]
[TimeControl "180+1"]
[EndTime "8:58:32 PDT"]
[Termination "moro182 won by resignation"]

1. d4 g6 2. e4 Bg7 3. Nf3 d6 4. c3 Nf6 5. Bd3 O-O 6. h3 Nc6 7. O-O e5 8. Re1 Nh5 9. Bg5 Qe8 10. dxe5 Nxe5 11. Be2 h6 12. Be3 Nf6 13. Nbd2 Nfd7 14. Nd4 Nc5 15. Qc2 Bd7 16. f4 Nc6 17. Bf3 Qc8 18. N2b3 Nxb3 19. Qxb3 Re8 20. Bf2 a6 21. Rad1 Rb8 22. Qc2 Nxd4 23. cxd4 Qd8 24. d5 Rc8 25. Qd2 Qf6 26. Bd4 Qxd4+ 27. Qxd4 Bxd4+ 28. Rxd4 g5 29. fxg5 hxg5 30. Rc1 Kg7 31. Rdc4 c5 32. dxc6 Rxc6 33. Rxc6 Bxc6 34. Rd1 Re6 35. Rd4 Kf8 36. Kf2 Ke7 37. a3 Re5 38. b4 a5 39. g3 axb4 40. axb4 f5 41. exf5 Rxf5 42. Rd3 Ke6 43. Ke2 Bxf3+ 44. Rxf3 Rb5 45. Rb3 Ke5 46. Kd3 d5 47. Rb1 Rb6 48.
Re1+ Kd6 49. Rb1 Ra6 50. Rb3 Ra1 51. Ke3 Rh1 52. Kf3 d4 53. Kg4 Kd5 54. b5 Kc4 55.
Rb2 d3 56. Kxg5 Rxh3 57. g4 Rh1 58. Kf6 Rg1 59. g5 Kc3 60. Ra2 d2 61. Rxd2 Kxd2 62. g6 Kc3 63. Kf7 Kb4 64. b6 Kb5 65. g7 Kxb6 66. g8=Q Rxg8 67. Kxg8 Kc5 0-1

[Event "Early-Titled-Tuesday-Blitz-March-19-2024"]
[Site "Chess.com"]
[Date "2024.03.19"]
[Round "5"]
[White "aljado"]
[Black "AlexandraSamaganova"]
[Result "1-0"]
[WhiteElo "2104"]
[BlackElo "2299"]
[TimeControl "180+1"]
[EndTime "8:58:32 PDT"]
[Termination "aljado won by checkmate"]

1. e4 c5 2. Nf3 e6 3. d4 cxd4 4.
Nxd4 a6 5. g3 Nf6 6. Bg2 Be7 7.
O-O d6 8. Nc3 O-O 9. Be3 Nbd7 10. Qe2 Rb8 11. Rad1 Qc7 12. Kh1 b5 13. a3 Bb7 14. f4 Rfe8 15. h3 Nb6 16. g4 Nc4 17. Bc1 g6 18. Nf3 Bc6 19. Ng5 Qb7 20. f5 exf5 21. gxf5 Bf8 22. fxg6 fxg6 23. Rxf6 Bg7 24. Rf7 Re7 25. Rxe7 Qxe7 26. Nd5 Qe8 27. Qg4 Ne5 28. Qe6+ Qxe6 29. Nxe6 Kf7 30. Nxg7 Kxg7 31. Kg1 Re8 32. b3 a5 33. Bb2 a4 34. Bxe5+ dxe5 35. bxa4 bxa4 36. Kf2 Rb8 37. Ke3 Rb2 38. Rd2 Ra2 39. Nb4 Rxa3+ 40. Rd3 Ra1 41. Nxc6 Rg1 42. Bf3 Rc1 43.
Ra3 Kh6 44. Rxa4 Rxc2 45. Nxe5 Rc3+ 46. Nd3 Rb3 47. e5 Kg7 48. Ra7+ Kf8 49. e6 Rb6 50. Bd5 Rd6 51. Kd4 g5 52. Ne5 Rb6 53. Ra8+ Ke7 54. Ra7+ Kf6 55. Nd7+ Kg6 56. Nxb6 h5 57. e7 Kf5 58. e8=Q g4 59. Qe4+ Kg5 60. Rg7+ Kh4 61. Qf4 Kxh3 62. Rg5 h4 63. Qxg4+ Kh2 64. Qxh4# 1-0

[Event "Early-Titled-Tuesday-Blitz-March-19-2024"]
[Site "Chess.com"]
[Date "2024.03.19"]
[Round "5"]
[White "Jospem"]
[Black "PeshkaCh"]
[Result "1-0"]
[WhiteElo "3064"]
[BlackElo "2845"]
[TimeControl "180+1"]
[EndTime "8:58:33 PDT"]
[Termination "Jospem won by checkmate"]

1. e4 e5 2. Nf3 Nc6 3. Nc3 Nf6 4. h3 h6 5. d4 exd4 6. Nxd4 Bb4 7. Nxc6 bxc6 8. Bd3 d5 9. exd5 cxd5 10. O-O O-O 11. Qf3 c6 12. Bf4 Bd6 13. Rfe1 Rb8 14. b3 Rb4 15. Ne2 Re8 16. c4 Be6 17. Rad1 Qc7 18. Bd2 Rbb8 19. Bxh6 Ne4 20. Bf4 Rbd8 21. Bxe4 dxe4 22.
Qg3 Bxf4 23. Nxf4 Rxd1 24. Rxd1 Qa5 25. a4 Bf5 26. Qg5 f6 27. Qh5 Qe5 28. Ng6 Bxg6 29. Qxg6 e3 30. fxe3 Qxe3+ 31. Kh1 Rb8 32. Rd3 Qe1+ 33.
Kh2 Qe7 34. Qg3 Rb7 35. Re3 Qd7 36. Qf4 Kf7 37. Rg3 Kf8 38. Qh4 Qf7 39. a5 Kg8 40. Qd4 Qc7 41. Qe3 Rb8 42. h4 f5 43. Qe6+ Kh8 44. c5 f4 45. Rf3 Rf8 46. b4 Rf6 47. Qg4 Qe5 48. Qg5 Rf5 49. Qg6 Rf6 50. Qg4 Kh7 51. a6 Rh6 52. Rxf4 Rf6 53. g3 Qb2+ 54.
Kh3 Rg6 55. Qh5+ Rh6 56. Qf5+ Kh8 57. Qe4 Kg8 58. Qc4+ Kh7 59. Qe4+ Kg8 60. Qe8+ Kh7 61. Rf8 Rxh4+ 62. gxh4 Qc3+ 63. Kg2 Qb2+ 64. Rf2 Qxb4 65. Qh5+ Kg8 66. Qf5 Qxh4 67. Rf3 Qd4 68. Qe6+ Kh7 69. Rh3+ Qh4 70. Rxh4# 1-0

[Event "Early-Titled-Tuesday-Blitz-March-19-2024"]
[Site "Chess.com"]
[Date "2024.03.19"]
[Round "5"]
[White "Oleksandr_Bortnyk"]
[Black "MagnusCarlsen"]
[Result "1/2-1/2"]
[WhiteElo "3053"]
[BlackElo "3265"]
[TimeControl "180+1"]
[EndTime "8:58:34 PDT"]
[Termination "Game drawn by agreement"]

1. e4 e5 2. Nf3 Nc6 3. Bb5 a6 4. Ba4 Nf6 5. Nc3 Be7 6. O-O b5 7. Bb3 d6 8. Nd5 Na5 9. Nxe7 Qxe7 10. d3 O-O 11. h3 h6 12. Bd2 Nxb3 13. axb3 Nd7 14. Re1 Bb7 15. d4 f5 16. dxe5 fxe4 17. exd6 Qf7 18. Bc3 Rae8 19. Nh2 Qxf2+ 20. Kh1 e3 21. Qg4 Nf6 22. Bxf6 Qxf6 23. d7 Re4 24. Qg3 Rd4 25. Ng4 Qd6 26. Rxe3 Qxg3 27. Rxg3 Rxd7 28.
Nxh6+ Kh7 29. Ng4 Rd2 30. c4 Rxb2 31. cxb5 axb5 32. Rc1 Rf7 33. Ne5 Re7 34. Ng6 Rxg2 35. Rxg2 Bxg2+ 36. Kxg2 Kxg6 37. Rc5 b4 38. Rc4 c5 39.
Rxc5 Re3 40. Rc6+ Kh5 41. Rc5+ Kh6 42. Rc6+ g6 43. Rb6 Rxb3 44. Rb5 g5 45. Kh2 Kh5 46.
Rb8 Kg6 47. Rb5 Kf6 48. Kg2 Rb1 49. Kf2 b3 50. Kg2 Kg6 51. Kh2 Kf6 52. Kg2 Rb2+ 53. Kg3 Kg6 54. Kf3 Kf6 55. Kg3 Ke6 56. Rxg5 Rc2 57.
Rb5 b2 58. h4 Kd6 59. h5 Rc5 60. Rxb2 Rxh5 61. Rb6+ Ke7 62. Rb7+ Kf6 63. Rb6+ 1/2-1/2

[Event "Early-Titled-Tuesday-Blitz-March-19-2024"]
[Site "Chess.com"]
[Date "2024.03.19"]
[Round "5"]
[White "ural58"]
[Black "AsselLesbekova"]
[Result "0-1"]
[WhiteElo "2469"]
[BlackElo "2307"]
[TimeControl "180+1"]
[EndTime "8:58:35 PDT"]
[Termination "AsselLesbekova won on time"]

1. e4 e5 2. f4 Nf6 3. Nf3 Nxe4 4.
d3 Nc5 5. fxe5 d6 6. d4 Ne4 7. Bd3 d5 8. O-O Nc6 9. c4 Be6 10. Nc3 Nxc3 11. bxc3 dxc4 12. Be4 Bd5 13. Bxd5 Qxd5 14. Ng5 Nd8 15. Qh5 g6 16. Qh3 Be7 17. Rb1 h6 18. Rb2 Qd7 19. Qxd7+ Kxd7 20. Nxf7 Nxf7 21.
Rxf7 Ke6 22. Rg7 b6 23. Rxg6+ Kd5 24. Rb5+ Ke4 25. Rg3 c6 26. Re3+ Kf5 27. Rb2 Ke6 28. Rg3 Rhg8 29. Rxg8 Rxg8 30. Bxh6 c5 31. Be3 Kd5 32.
dxc5 Bxc5 33. Bxc5 bxc5 34. Re2 Ke6 35. g3 Rd8 36.
Re3 Rd1+ 37. Kg2 Rd2+ 38. Kh3 Rxa2 39. g4 a5 40. Kg3 a4 41. h4 a3 42. Kf4 Rb2 43.
Re1 Rc2 44. Ra1 Rxc3 45. h5 Rh3 46. Kg5 Kxe5 47. Kg6 Kd4 48. g5 c3 49. h6 c2 50.
Kh7 a2 51. g6 Kc3 52. g7 Rg3 53. g8=Q Rxg8 54. Kxg8 Kb2 55. h7 Kxa1 56. h8=Q+ Kb1 57.
Qc3 c1=Q 58. Qb3+ Qb2 59. Qd1+ Qc1 60. Qb3+ Ka1 0-1

[Event "Early-Titled-Tuesday-Blitz-March-19-2024"]
[Site "Chess.com"]
[Date "2024.03.19"]
[Round "5"]
[White "rhungaski"]
[Black "AccioChess"]
[Result "1/2-1/2"]
[WhiteElo "2606"]
[BlackElo "2457"]
[TimeControl "180+1"]
[EndTime "8:58:36 PDT"]
[Termination "Game drawn by stalemate"]

1. e4 c5 2. Nf3 Nc6 3. d4 cxd4 4. Nxd4 Nf6 5. Nc3 e5 6. Ndb5 d6 7. Bg5 a6 8. Na3 b5 9. Nd5 Be7 10. Bxf6 Bxf6 11. c4 b4 12. Nc2 O-O 13. Be2 Bg5 14. O-O Qa5 15. Qd3 Qc5 16. Rad1 Ra7 17. Bf3 a5 18. g3 a4 19. Bg2 b3 20. axb3 axb3 21. Qxb3 Ba6 22. Qc3 Qxc4 23. Rfe1 Rb8 24. Qxc4 Bxc4 25. Nde3 Be6 26. Rxd6 Nb4 27. Nxb4 Rxb4 28.
h4 Be7 29. Rd2 Rb8 30. Red1 g6 31. Kh2 Bc5 32. Rd8+ Rxd8 33. Rxd8+ Kg7 34. Nd1 Bd4 35. f4 Ra1 36. Nc3 Rc1 37. Ne2 Rd1 38. Nxd4 exd4 39. Bf3 Rd2+ 40. Kg1 d3 41. g4 Bb3 42. f5 gxf5 43.
exf5 Kf6 44. Rd4 Ke5 45. Re4+ Kd6 46. g5 Kc5 47. Re5+ Kb4 48. Re4+ Kc5 49. Re5+ Kd4 50. Re7 Bc4 51. h5 Rxb2 52. Rd7+ Ke3 53. Bg4 d2 54. g6 hxg6 55. fxg6 fxg6 56. h6 Rb1+ 57. Kg2 Be2 58. Re7+ Kf4 59. Bxe2 d1=Q 60. Bxd1 Rxd1 61. h7 Rd8 62.
Rg7 Rh8 63. Kh3 Kg5 64. Ra7 Kh6 65. Kg4 Rxh7 66. Rxh7+ Kxh7 67. Kg5 Kg7 68. Kg4 Kf7 69. Kg5 Kg7 70. Kg4 Kf6 71. Kf4 g5+ 72. Kg4 Kg6 73.
Kg3 Kf5 74. Kf3 g4+ 75. Kg3 Kg5 76. Kg2 Kf4 77. Kf2 g3+ 78. Kg2 Kg4 79. Kg1 Kf4 80. Kg2 Kg4 81. Kg1 Kf3 82. Kf1 g2+ 83. Kg1 Kg3 1/2-1/2

[Event "Early-Titled-Tuesday-Blitz-March-19-2024"]
[Site "Chess.com"]
[Date "2024.03.19"]
[Round "5"]
[White "superchess02"]
[Black "Keeper0416"]
[Result "1-0"]
[WhiteElo "2825"]
[BlackElo "2562"]
[TimeControl "180+1"]
[EndTime "8:58:38 PDT"]
[Termination "superchess02 won by resignation"]

1. d4 d5 2. c4 e6 3. Nc3 Nf6 4.
Bg5 Be7 5. e3 O-O 6. Nf3 Ne4 7.
Bxe7 Qxe7 8. Rc1 Nxc3 9. Rxc3 c6 10. Qc2 Nd7 11. Bd3 h6 12. O-O dxc4 13. Bxc4 e5 14. a3 exd4 15. exd4 Nb6 16. Ba2 Qf6 17. Bb1 g6 18.
Ne5 Bf5 19. Qd2 Bxb1 20. Rxb1 Rad8 21. Qxh6 Rxd4 22. Nf3 Rd5 23. h3 Re8 24. Re3 Rxe3 25. Qxe3 Kg7 26. b3 Nc8 27. Re1 a5 28. Ne5 Nd6 29. Ng4 Qg5 30. Qc3+ f6 31. Re7+ Kf8 32.
Re1 Kf7 33. Qf3 Nf5 34. Qe4 Rd8 35. Qe6+ Kg7 36. Qc4 Qd2 37. Re6 Qd1+ 38. Kh2 Qd5 39.
Rxf6 Qxc4 40. bxc4 Re8 41. c5 a4 42. f3 Re2 43. h4 Nxh4 44. Rf4 Nxg2 45. Rxa4 Ne3+ 46. Kg3 Nxg4 47. Kxg4 Rc2 48. Rb4 Rxc5 49. Rxb7+ Kf6 50.
Rb4 Ra5 51. a4 g5 52. Rc4 Ra6 53. Kg3 Kf5 54. Kf2 Kf6 55. Ke3 Kf5 56. Kd4 Kf6 57. Kc5 Kf5 58. Kd6 Kf6 59. Kc7 Ra5 60. Kb6 Ra8 61. a5 Kf5 62. a6 Rb8+ 63. Kc7 Ra8 64.
Kb7 1-0

[Event "Early-Titled-Tuesday-Blitz-March-19-2024"]
[Site "Chess.com"]
[Date "2024.03.19"]
[Round "5"]
[White "Jahonas"]
[Black "MalyDominator"]
[Result "0-1"]
[WhiteElo "2337"]
[BlackElo "2547"]
[TimeControl "180+1"]
[EndTime "8:58:38 PDT"]
[Termination "MalyDominator won by checkmate"]

1. d4 Nf6 2. c4 e6 3. Nf3 Bb4+ 4. Nbd2 d5 5. g3 O-O 6. a3 Be7 7. Bg2 b6 8. cxd5 exd5 9. O-O c6 10. b4 a5 11. bxa5 Rxa5 12. Bb2 Bf5 13. Ne5 Nfd7 14. Ndf3 f6 15. Nxd7 Nxd7 16. Qc1 Qa8 17. Nd2 Rc8 18.
e4 Be6 19. Re1 Bf8 20. Qb1 Bxa3 21. exd5 Bxd5 22. Bxd5+ cxd5 23. Bxa3 Rxa3 24. Rxa3 Qxa3 25. Qf5 Qd6 26. Re6 Qf8 27. Qxd5 Qf7 28. Ne4 Nf8 29. Rd6 Qxd5 30. Rxd5 Rc1+ 31. Kg2 Rb1 32. Rd8 Kf7 33. d5 b5 34. d6 b4 35. Rb8 b3 36. Nc5 Rd1 37.
Rb7+ Kg6 38. d7 b2 39. Rxb2 Nxd7 40. Ne6 Kf7 41. Nf4 Ne5 42. Rb7+ Kg8 43. h4 Rd7 44. Rb8+ Kf7 45. h5 g6 46. h6 g5 47. Rh8 gxf4 48.
Rxh7+ Ke6 49. Rxd7 Kxd7 50. gxf4 Nf7 51. h7 Ke6 52. Kf3 Kf5 53. Ke3 Nh8 54. Kf3 Kg6 55. Kg4 Kxh7 56. Kf5 Kg7 57. f3 Ng6 58. Kg4 Kf7 59.
Kf5 Ne7+ 60. Kg4 Ke6 61. f5+ Nxf5 62. Kf4 Ne7 63. Ke4 f5+ 64. Kf4 Kf6 65. Kg3 Ng6 66. f4 Ke6 67. Kf3 Kd5 68. Ke3 Nh4 69. Kf2 Ke4 70. Kg3 Ng6 71. Kf2 Nxf4 72. Kg3 Ne6 73. Kf2 f4 74. Kg2 f3+ 75. Kf2 Ng5 76. Kf1 Ke3 77. Ke1 f2+ 78. Kf1 Ne4 79. Kg2 Nd2 80.
Kh2 f1=Q 81. Kg3 Qf4+ 82. Kh3 Qg5 83. Kh2 Nf3+ 84. Kh3 Ne1 85. Kh2 Qg2# 0-1

[Event "Early-Titled-Tuesday-Blitz-March-19-2024"]
[Site "Chess.com"]
[Date "2024.03.19"]
[Round "5"]
[White "mbojan"]
[Black "Elnaz_Kaliakhmet"]
[Result "1-0"]
[WhiteElo "2805"]
[BlackElo "2525"]
[TimeControl "180+1"]
[EndTime "8:58:39 PDT"]
[Termination "mbojan won on time"]

1. e4 c5 2. Nf3 Nc6 3. c3 d5 4.
exd5 Qxd5 5. Na3 Nf6 6. d4 e6 7.
Be3 cxd4 8. Nb5 Qd7 9. Nbxd4 a6 10.
Nxc6 Qxc6 11. Ne5 Qc7 12. Qa4+ Bd7 13. Nxd7 Qxd7 14. Qxd7+ Nxd7 15. Bd4 O-O-O 16. O-O-O e5 17. Be3 f6 18. b4 Be7 19. Kb2 Nb8 20. Bc4 Nc6 21.
Bb6 Rxd1 22. Rxd1 Bd8 23. Be6+ Kb8 24. Bc5 b6 25. Bd6+ Kb7 26. a4 Re8 27. Bd7 Rg8 28. Kb3 Nb8 29. Be6 Re8 30. Bd5+ Kc8 31. Bf7 Rh8 32. Be6+ Kb7 33. Bxb8 Kxb8 34. Rd7 g6 35. c4 Bc7 36. c5 bxc5 37. bxc5 Rd8 38. Rxd8+ Bxd8 39. Kc4 Kc7 40. Kd5 Be7 41. g4 g5 42. f3 Bf8 43. Bf5 h6 44. Bd3 a5 45.
Bb5 Be7 46. c6 Bd6 47. Ke6 e4 48. fxe4 Be5 49. h3 Bd4 50. Kf7 Kd6 51. Kg6 Bc3 52. Kxh6 Bd4 53. Kg6 Bc3 54. Kf5 Bd4 55. Kg6 Bc3 56. Kh5 Bd4 57. h4 gxh4 58. Kxh4 Bf2+ 59. Kh5 Be3 60. Kg6 Bd4 61. Kf5 Bc3 62. e5+ fxe5 63. g5 Kc7 64. Ke4 1-0

[Event "Early-Titled-Tuesday-Blitz-March-19-2024"]
[Site "Chess.com"]
[Date "2024.03.19"]
[Round "5"]
[White "Robert_Chessmood"]
[Black "Predator0608"]
[Result "1-0"]
[WhiteElo "2960"]
[BlackElo "2566"]
[TimeControl "180+1"]
[EndTime "8:58:43 PDT"]
[Termination "Robert_Chessmood won by checkmate"]

1. e4 c5 2. Nf3 d6 3. d4 cxd4 4. Nxd4 Nf6 5. Nc3 a6 6. Be2 e5 7.
Nf3 Be7 8. Bg5 Nbd7 9. a4 b6 10. Nd2 Bb7 11. Nc4 Qc7 12. f3 O-O 13. O-O Rfd8 14. Bh4 Rac8 15. Ne3 Nf8 16. Bf2 Ne6 17. Ncd5 Nxd5 18. Nxd5 Bxd5 19. exd5 Nd4 20. Bxd4 exd4 21. Bxa6 Ra8 22. Bb5 Bf6 23. Bc6 Ra7 24. Qd3 h6 25. Rae1 Qc8 26. Re2 g6 27. Rfe1 Kg7 28. b3 Qc7 29. g3 Qc8 30. Kg2 Qf5 31. Qxf5 gxf5 32. f4 Rc7 33. Kf3 Rcc8 34. Re8 Kg6 35. Rxd8 Rxd8 36. Re8 Kg7 37. b4 Rxe8 38. Bxe8 Bd8 39. Bb5 Kf6 40. Bd3 Kg6 41. g4 Kf6 42. Bxf5 Bc7 43. Bd3 Bd8 44. h4 Kg7 45. g5 hxg5 46.
fxg5 f6 47. Kg4 fxg5 48. hxg5 Bc7 49. Kf5 Bd8 50. Be2 Be7 51. Bh5 Bd8 52. Be8 Kf8 53. Bh5 Kg7 54. Ke6 Bxg5 55. a5 bxa5 56. bxa5 Bd8 57. a6 Bb6 58. Kxd6 Kf6 59. Kc6 Ba7 60. Kb7 Bc5 61. a7 Bxa7 62. Kxa7 Ke5 63. Be2 Kxd5 64. Bd3 Kc5 65. Kb7 Kb4 66. Kc7 Kc3 67. Kd6 Kb2 68.
Ke5 Ka1 69. Kxd4 Ka2 70. Ke5 Ka1 71. Kd5 Ka2 72. c4 Ka1 73. c5 Ka2 74. c6 Ka1 75. c7 Ka2 76. Kd6 Ka1 77. Kd7 Kb2 78. c8=Q Ka1 79.
Qb7 Ka2 80. Bc2 Ka3 81. Qb3# 1-0

[Event "Early-Titled-Tuesday-Blitz-March-19-2024"]
[Site "Chess.com"]
[Date "2024.03.19"]
[Round "5"]
[White "Yushko_Olga"]
[Black "JoliyRoger"]
[Result "1-0"]
[WhiteElo "2231"]
[BlackElo "2421"]
[TimeControl "180+1"]
[EndTime "8:58:45 PDT"]
[Termination "Yushko_Olga won on time"]

1. d4 Nf6 2. c4 e6 3. Nc3 Bb4 4.
Bd2 c5 5. e3 cxd4 6. exd4 d5 7.
Nf3 O-O 8. cxd5 Nxd5 9. Bd3 Nc6 10. O-O Bxc3 11. bxc3 Nce7 12. c4 Nf6 13. Bc3 b6 14.
Ne5 Bb7 15. Re1 Ng6 16. Re3 Rc8 17. Rg3 Ne4 18. Bxe4 Bxe4 19. Qg4 Bf5 20. Qf3 Nxe5 21. dxe5 Rxc4 22. h3 Qc7 23. Bd2 Rc8 24. Bh6 Bg6 25. Be3 Qxe5 26. Re1 Qe4 27. Qd1 Qd5 28. Qb3 Rc3 29. Qa4 Qb7 30. Qf4 R3c4 31. Qe5 Qc7 32. Qb5 Qc6 33. Qa6 Qd7 34. Rg5 Ra4 35. Qe2 h6 36.
Rg3 Qd5 37. Rd1 Qxa2 38. Qf3 Qc2 39. Rc1 Qxc1+ 40. Bxc1 Rxc1+ 41. Kh2 Raa1 42. Rg4 Rh1+ 43. Kg3 Kh7 44. Rf4 Rhb1 45. Kh2 Rb5 46. Qe2 Rg5 47. h4 Rd5 48. g4 h5 49. g5 Bf5 50. Qf3 Bg6 51. Qe2 Raa5 52. Kg2 Rf5 53. Rxf5 Rxf5 54. Qa6 Ra5 55. Qb7 Ra2 56. Qc7 Ra4 57. Qd7 Be4+ 58. f3 Bc2 59. Qd2 Ra2 60. Qd4 Bb3+ 61. Kg3 Rf2 62.
Qxf2 1-0

[Event "Early-Titled-Tuesday-Blitz-March-19-2024"]
[Site "Chess.com"]
[Date "2024.03.19"]
[Round "5"]
[White "Aradhya2000"]
[Black "TigrVShlyape"]
[Result "1/2-1/2"]
[WhiteElo "2714"]
[BlackElo "2903"]
[TimeControl "180+1"]
[EndTime "8:58:47 PDT"]
[Termination "Game drawn - insufficient material"]

1. d4 f5 2. Nf3 Nf6 3. c4 e6 4. a3 b6 5. Nc3 Bb7 6. d5 Na6 7. g3 Nc5 8. Bg2 a5 9. O-O Be7 10. Nd4 Qc8 11. Bf4 a4 12. Ncb5 d6 13. Nxe6 Nxe6 14.
dxe6 Bxg2 15. Kxg2 O-O 16. Qd3 Ne4 17. Be3 c6 18. Nd4 g6 19. Bh6 Re8 20. Qe3 Bf6 21.
Rad1 Nc5 22. Qf3 Bxd4 23. Rxd4 Rxe6 24. Rfd1 Ne4 25. g4 fxg4 26. Qxg4 Qe8 27. Bf4 c5 28. R4d3 Nf6 29. Qf3 Nh5 30. e3 Nxf4+ 31. Qxf4 Qc6+ 32. Qf3 Qxf3+ 33. Kxf3 Rd8 34. b3 axb3 35. Rxb3 Rb8 36.
Rbd3 Rd8 37. Rb3 Rb8 38. Rdb1 Ra8 39. Rxb6 Rxa3 40. Rd1 Rc3 41. Rdxd6 Rxd6 42. Rxd6 Rxc4 43. Rc6 Kg7 44. e4 h5 45. e5 Kh6 46. e6 Kg7 47. e7 Kf7 48. Re6 Ke8 49. Rxg6 Kxe7 50. Rc6 h4 51. h3 Kd7 52. Rh6 Rd4 53. Ke3 Rb4 54. f3 Kc7 55. Rg6 Ra4 56. Rg4 Ra3+ 57. Ke2 Ra2+ 58. Ke3 Ra3+ 59. Ke4 Ra4+ 60. Kd5 Ra3 61.
Kxc5 Rxf3 62. Rxh4 Kd7 63. Kd5 Ke7 64. Ke5 Kf7 65.
Rf4+ Rxf4 66. Kxf4 Kg6 67. Kg4 Kh6 68. h4 Kg6 69.
h5+ Kh6 70. Kh4 Kh7 71. Kg5 Kg7 72. h6+ Kh7 73. Kh5 Kh8 74. Kg6 Kg8 75. Kf6 Kh7 76. Kg5 Kh8 77. Kg6 Kg8 78. h7+ Kh8 79. Kf7 Kxh7 1/2-1/2

[Event "Early-Titled-Tuesday-Blitz-March-19-2024"]
[Site "Chess.com"]
[Date "2024.03.19"]
[Round "5"]
[White "mitrabhaa"]
[Black "SuperPower2011"]
[Result "1/2-1/2"]
[WhiteElo "3063"]
[BlackElo "2781"]
[TimeControl "180+1"]
[EndTime "8:58:52 PDT"]
[Termination "Game drawn by repetition"]

1. Nf3 Nf6 2. c4 e6 3. g3 d5 4. Bg2 Be7 5. O-O O-O 6. b3 d4 7. e3 c5 8. exd4 cxd4 9. d3 Nc6 10.
Na3 e5 11. Re1 Bb4 12. Re2 Nd7 13. Nc2 a5 14. Bd2 Bxd2 15. Qxd2 f6 16. Nh4 Nc5 17. f4 Bg4 18. Ree1 Qd7 19. Nf3 Rae8 20. fxe5 fxe5 21. Ng5 h6 22. Ne4 Nxe4 23. Bxe4 Bf3 24. a3 Bxe4 25. Rxe4 Rf3 26. Rf1 Ref8 27. Rxf3 Rxf3 28.
Kg2 Rf4 29. gxf4 Qg4+ 30. Kf2 Qh4+ 31. Kg1 Qg4+ 32. Qg2 Qd1+ 33. Ne1 exf4 34. Re8+ Kf7 35. Qe4 Qg4+ 36. Kh1 Qh3 37. Kg1 Qg4+ 38. Kf2 Qh4+ 39. Ke2 Qxh2+ 40. Kd1 Qh3 41. Ra8 Qg4+ 42. Nf3 Ne5 43.
Qxe5 Qxf3+ 44. Qe2 Qh1+ 45. Kc2 f3 46. Qe8+ Kf6 47.
Qf8+ Kg6 48. Qe8+ Kf6 49. Qd8+ Kg6 50. Qxd4 Qg2+ 51. Kc3 f2 52. Rf8 f1=Q 53. Rxf1 Qxf1 54. Qb6+ Qf6+ 55. Qxf6+ Kxf6 56. d4 h5 57. Kd3 h4 58.
Ke3 Kf5 59. Kf3 g5 60. d5 g4+ 61. Kg2 Ke5 62. Kf2 Kd6 63. a4 b6 64. Kg2 Ke5 65. Kg1 Kd6 66. Kf2 Ke5 67. Kg2 g3 68. Kh3 Kd6 69.
Kg2 Ke5 70. Kh3 Kd6 71. Kg2 Kd7 72. Kh3 Ke7 73. Kg2 Kd6 74. Kh3 Kc5 75. Kg2 Kd6 76.
Kh3 Kc5 77. Kg2 Kd6 1/2-1/2

[Event "Early-Titled-Tuesday-Blitz-March-19-2024"]
[Site "Chess.com"]
[Date "2024.03.19"]
[Round "5"]
[White "djokovic74"]
[Black "Slovineanu"]
[Result "1/2-1/2"]
[WhiteElo "2737"]
[BlackElo "2503"]
[TimeControl "180+1"]
[EndTime "8:58:52 PDT"]
[Termination "Game drawn by repetition"]

1. c4 e5 2. Nc3 Bb4 3. Nd5 Be7 4. d4 exd4 5. Qxd4 Nf6 6. Nxe7 Qxe7 7. Bg5 Nc6 8. Qc3 d6 9. Nf3 Rg8 10. e3 Ne4 11. Bxe7 Nxc3 12. Bh4 Ne4 13. Bd3 f5 14.
O-O-O a5 15. a3 a4 16. Bc2 Be6 17. Nd4 Bxc4 18. Nxf5 Nc5 19. Nd4 Nxd4 20. exd4 Nb3+ 21. Kb1 Kf7 22. d5 Rge8 23. Bf5 Nc5 24. Rhe1 g6 25. Bc2 Rxe1 26. Rxe1 Re8 27. Rd1 Re5 28. f3 Rxd5 29. Re1 Re5 30. Rxe5 dxe5 31. Bf2 Nb3 32.
h4 Ke6 33. Be3 b5 34. Be4 Bd5 35. Bd3 c6 36. h5 gxh5 37. Bxh7 Kf6 38. Kc2 Nd4+ 39.
Kd2 Ne6 40. Ke1 Nf4 41. Kf2 h4 42. Bc2 Bc4 43. Be4 Nd3+ 44. Bxd3 Bxd3 45. Bb6 Kf5 46. Bd8 e4 47. Bxh4 exf3 48. Kxf3 Be4+ 49. Kf2 Bd5 50.
Be7 Kg6 51. g4 Be4 52. Ke3 Bd5 53. Kf4 Bh1 54. g5 Bg2 55. Ke5 Bh1 56. Kd6 Bg2 57.
Kc5 Bh1 58. Bf6 Bg2 59. Kb4 Bh1 60. Kc3 Bg2 61. Kd4 Bh1 62. Ke3 Bg2 63. Kd2 Bd5 64. Kc2 Bh1 65. Kc3 Bg2 66. b3 axb3 67. Kxb3 Bh1 68.
Kb4 Bg2 69. Kc5 Bh1 70. Bd8 Bg2 71. Bf6 Bh1 72. Kd4 Bg2 73. Kc3 Bh1 74. Kb4 Bg2 75. Bd8 Bh1 76. Ka5 Bg2 77. Kb6 Be4 78. Kc5 Bh1 79. Bf6 Bg2 80. Kb4 Bh1 81. Kc3 Bg2 82.
Kb2 Bh1 83. Kb3 Bg2 84. Kb4 Bh1 85. Ka5 Bg2 86. Kb4 1/2-1/2

[Event "Early-Titled-Tuesday-Blitz-March-19-2024"]
[Site "Chess.com"]
[Date "2024.03.19"]
[Round "5"]
[White "Rodalquilar"]
[Black "chess94cu"]
[Result "1-0"]
[WhiteElo "2794"]
[BlackElo "2627"]
[TimeControl "180+1"]
[EndTime "8:58:56 PDT"]
[Termination "Rodalquilar won by checkmate"]

1. d4 Nf6 2. Nf3 e6 3. Bf4 d6 4. e3 Nbd7 5. h3 c5 6. c3 b6 7. a4 a6 8. Nbd2 cxd4 9. exd4 Be7 10.
Bd3 O-O 11. O-O Bb7 12. Bh2 Re8 13. Nc4 Qc7 14. Ne3 Bf8 15. Nd2 e5 16. Re1 h6 17. Rc1 Nd5 18. Nxd5 Bxd5 19. dxe5 dxe5 20. Qh5 Qc6 21. Be4 Bxe4 22. Nxe4 g6 23. Qd1 Rad8 24. Qb3 b5 25. axb5 axb5 26. Bg3 Kg7 27. Nd2 f5 28.
Nf3 Bd6 29. Rcd1 Bb8 30. Qd5 Qxd5 31. Rxd5 e4 32. Nd4 Nf8 33. Rxb5 f4 34. Bh2 Kg8 35. Rb6 e3 36. fxe3 fxe3 37. Bxb8 Rxb8 38. Rxb8 Rxb8 39. b4 Re8 40. Nc2 e2 41. Nd4 Re3 42. Nxe2 Ne6 43. Kf2 Rd3 44. Ra1 Rd2 45. Ke3 Rb2 46.
Ra6 Kf7 47. g4 h5 48. gxh5 gxh5 49. h4 Ng7 50. Nf4 Nf5+ 51. Kd3 Nxh4 52. Nxh5 Nf3 53. Rf6+ Ke7 54. Rxf3 Rh2 55. Ng3 Rb2 56. Ne4 Ke6 57. Nc5+ Kd5 58. c4+ Kc6 59. Rf6+ Kc7 60. b5 Kc8 61.
Kd4 Kb8 62. Rf7 Rb1 63. Na6+ Kc8 64. Rc7+ Kd8 65. Rg7 Kc8 66. Kc5 Rb2 67. Kc6 Kd8 68.
b6 Rb1 69. b7 Rb2 70. b8=Q+ Rxb8 71. Nxb8 Kc8 72. Rg8# 1-0